 Dungeon Crawl Stone Soup version 0.16-a0-3606-g1520cdc (webtiles) character file.

406 Ololoev the Changer (level 6, -1/43 HPs)
             Began as a Merfolk Transmuter on Jan 13, 2015.
             Shot with an arrow by a centaur (12 damage)
             ... on level 5 of the Dungeon.
             The game lasted 00:24:02 (4856 turns).

Ololoev the Changer (Merfolk Transmuter)            Turns: 4856, Time: 00:24:02

Health: -1/43      AC:  5    Str: 12    XL:     6   Next: 87%
Magic:  4/13       EV: 21    Int: 12    God:
Gold:   240        SH:  0    Dex: 20    Spells: 4 memorised, 1 level left

rFire  . . .     SeeInvis .       - Unarmed
rCold  . . .     Clarity  .     c - melded +0 robe
rNeg   . . .     SustAb   .     (shield currently unavailable)
rPois  x         Gourm    .     (helmet currently unavailable)
rElec  .         Spirit   .     n - melded +0 cloak
rCorr  .         Warding  .     e - melded +1 pair of gloves
rMut   .         Stasis   .     (boots currently unavailable)
MR     .....                    (no amulet)
Stlth  ++........               (no ring)
                                x - +3 ring of protection

@: spider-form, not resistant to hostile enchantments, unstealthy
A: (change form in water), (swift swim)
a: End Transformation


You were on level 5 of the Dungeon.
You were hungry.
You were a venomous arachnid creature.
You visited 2 branches of the dungeon, and saw 6 of its levels.

You collected 240 gold pieces.

Notes
Turn   | Place    | Note
--------------------------------------------------------------
     0 | D:1      | Ololoev, the Merfolk Transmuter, began the quest for the Orb.
     0 | D:1      | Reached XP level 1. HP: 15/15 MP: 3/3
   331 | D:1      | Reached XP level 2. HP: 21/21 MP: 1/4
  1093 | D:2      | Reached XP level 3. HP: 23/26 MP: 4/6
  1123 | D:2      | Learned a level 3 spell: Spider Form
  1129 | D:2      | Learned a level 2 spell: Sticks to Snakes
  1169 | D:2      | Reached skill level 4 in Transmutations
  1287 | D:2      | Found a deep blue altar of Sif Muna.
  1364 | D:2      | Found a bloodstained altar of Trog.
  1505 | D:2      | Reached XP level 4. HP: 12/32 MP: 2/8
  2033 | D:3      | Reached skill level 5 in Transmutations
  2251 | D:3      | Reached XP level 5. HP: 37/37 MP: 2/11
  2494 | D:3      | Reached skill level 6 in Transmutations
  2501 | D:3      | Learned a level 4 spell: Ice Form
  2728 | D:3      | Found a stormy altar of Qazlal.
  2729 | D:3      | Found an iron altar of Okawaru.
  3003 | D:4      | Found a snail-covered altar of Cheibriados.
  3046 | D:4      | Reached skill level 1 in Ice Magic
  3270 | D:4      | Found a staircase to the Ecumenical Temple.
  3277 | Temple   | Entered the Ecumenical Temple
  3488 | D:4      | Reached XP level 6. HP: 43/43 MP: 13/13
  4054 | D:4      | Reached skill level 7 in Transmutations
  4180 | D:5      | Entered Level 5 of the Dungeon
  4187 | D:5      | Found a shadowy altar of Dithmenos.
  4856 | D:5      | Shot with an arrow by a centaur

Inventory:

Hand weapons
 i - a +2 dagger of draining
Missiles
 b - 118 arrows
Armour
 c - a +0 robe (melded)
 e - a +1 pair of gloves (melded)
 n - a +0 cloak (melded)
Jewellery
 x - a +3 ring of protection (left front leg)
Magical devices
 f - a wand of magic darts (13)
Scrolls
 g - a scroll of blinking {unknown}
 h - 2 scrolls of magic mapping
 l - a scroll of fear {unknown}
 o - a scroll of random uselessness {unknown}
 q - a scroll of teleportation {unknown}
 t - a scroll of fog {unknown}
 u - a scroll of noise {unknown}
 w - a scroll of remove curse {unknown}
Potions
 k - a potion of haste {unknown}
 m - 3 potions of flight {unknown}
 p - 2 potions of curing
Books
 d - a book of Changes

   Spells                             Type                      Level
   a - Beastly Appendage              Transmutation                1
   b - Sticks to Snakes               Transmutation                2
   c - Spider Form                    Transmutation/Poison         3
   d - Ice Form                       Ice/Transmutation            4
   e - Blade Hands                    Transmutation                5
Comestibles
 a - 3 bread rations
 j - 2 beef jerkies

Table legend:
 A = Turns spent in this place as a percentage of turns spent in the entire game.
 B = Non-inter-level travel turns spent in this place as a percentage of non-inter-level travel turns spent in the entire game.
 C = Inter-level travel turns spent in this place as a percentage of turns spent in this place.
 D = Turns resting spent in this place as a percentage of non-inter-level travel turns spent in this place.
 E = Turns spent auto-exploring this place as a percentage of non-inter-level travel turns spent in this place.
 F = Non-inter-level travel turns spent in this place divided by the number of levels of this place that you've seen.
                   A       B       C       D       E      F
               +-------+-------+-------+-------+-------+----------------------
         Total | 100.0 | 100.0 |   0.5 |   6.5 |   9.7 | 218.8
       Dungeon |  99.1 |  99.2 |   0.4 |   6.6 |   9.0 | 260.4
        Temple |   0.9 |   0.8 |   8.3 |   0.0 |  90.9 |  11.0
               +-------+-------+-------+-------+-------+----------------------


   Skills:
 - Level 1.1 Fighting
 - Level 2.6 Dodging
 + Level 3.6 Unarmed Combat
 - Level 3.3 Spellcasting
 + Level 7.2 Transmutations
 + Level 3.1 Ice Magic


You had one spell level left.
You knew the following spells:

 Your Spells              Type           Power        Failure   Level  Hunger
a - Beastly Appendage     Trmt           ###...       6%          1    #......
b - Spider Form           Trmt/Pois      ##........   41%         3    ###....
c - Sticks to Snakes      Trmt           ###.......   8%          2    ###....
d - Ice Form              Ice/Trmt       ##......     56%         4    #####..


Dungeon Overview and Level Annotations

Branches:
Dungeon (5/15)             Temple (1/1) D:4

Altars:
Cheibriados
Dithmenos
Elyvilon
Fedhas
Kikubaaqudgha
Makhleb
Nemelex Xobeh
Okawaru
Qazlal
Ru
Sif Muna
Trog
Vehumet
Xom
Yredelemnul
Zin
The Shining One


Message History

The arrow hits you!
Your ball python barely misses the centaur.
Your adder bites the centaur.
The centaur unwields an uncursed shortbow.
The centaur hits your adder.
You are feeling hungry.
Your adder bites the centaur.
Your ball python bites the centaur but does no damage.
The centaur misses your adder.
Your ball python bites the centaur but does no damage.
Your adder bites the centaur but does no damage.
The centaur misses your adder.
Your adder bites the centaur.
Your ball python closely misses the centaur.
Your adder withers and dies!
The centaur hits your ball python!
Your ball python dies!
The centaur closely misses your adder.
The centaur looks more healthy.
The centaur hits your adder.
Your adder bites the centaur but does no damage.
The centaur hits your adder.
Your adder bites the centaur but does no damage.
The centaur closely misses your adder.
Your adder closely misses the centaur.
The centaur hits your adder!
Your adder dies!
The centaur wields an uncursed shortbow.
The centaur shoots an arrow.
The arrow hits you.
You see here an arrow.
Casting: Sticks to Snakes
Confirm with . or Enter, or press ? or * to list all spells.
You turn into a venomous arachnid creature.
Your 118 arrows fall away!
You are now empty-handed.
Your +0 cloak melds into your body.
Your +1 pair of gloves melds into your body.
Your +0 robe melds into your body.
The centaur shoots an arrow.
The arrow completely misses you.
You see here an arrow.
The centaur shoots an arrow.
The arrow hits you!
You see here 2 arrows.
The centaur shoots an arrow.
The arrow hits you!
You die...

##...##....## ...
##...#.....## ...# #
#..........####..# .###
##.....###........#
...###.....## ###......#
............## ##.....#
.............#####c.....#
#.......###...##........#
##.....##
##....s..(...... #....##
#..(((((..(... #.<.##
##..(#####..### #..##
##..(.# #.## #..#
##.....# #..# ##.##
##......# #..#
....####..###..# #<.#
.##..#..(## #..# ##.##
.#.....(## #..# #..#


You could see a centaur.

Table legend:
 A = Kills in this place as a percentage of kills in entire the game.
 B = Kills by you in this place as a percentage of kills by you in the entire game.
 C = Kills by friends in this place as a percentage of kills by friends in the entire game.
 D = Other kills in this place as a percentage of other kills in the entire game.
 E = Experience gained in this place as a percentage of experience gained in the entire game.
 F = Experience gained in this place divided by the number of levels of this place that you have seen.
                   A       B       C       D       E      F
               +-------+-------+-------+-------+-------+----------------------
         Total | 100.0 | 100.0 | 100.0 |  -nan | 100.0 |  96.7
       Dungeon | 100.0 | 100.0 | 100.0 |  -nan | 100.0 | 116.0
               +-------+-------+-------+-------+-------+----------------------

Vanquished Creatures
  A hound (D:4)
  An orc priest (D:4)
  3 orc wizards (D:4)
  A worker ant (D:4)
  A hound skeleton (D:4)
  3 adders
  5 gnolls
  A worm (D:3)
  3 giant geckos
  3 oozes
  6 orcs
  8 bats
  2 giant cockroaches
  12 goblins
  5 hobgoblins
  10 jackals
  2 quokkas (D:4)
  2 ball pythons (D:3)
  3 giant newts
  17 kobolds
  13 rats
102 creatures vanquished.

Vanquished Creatures (collateral kills)
  An orc wizard (D:3)
  An orc priest (D:3)
  A worker ant (D:5)
  A gnoll (D:2)
  2 orcs (D:3)
  A jackal (D:3)
7 creatures vanquished.

Grand Total: 109 creatures vanquished

Action                   |  1- 3 |  4- 6 || total
-------------------------+-------+-------++-------
Melee: Unarmed           |    55 |    58 ||   113
       Dagger            |    69 |   131 ||   200
 Cast: Beastly Appendage |    17 |    23 ||    40
       Sticks to Snakes  |     3 |    29 ||    32
       Spider Form       |       |    10 ||    10
  Use: Scroll            |       |     3 ||     3
       Potion            |       |     3 ||     3
 Stab: Sleeping          |     1 |     1 ||     2
       Distracted        |       |     1 ||     1
  Eat: Chunk             |     2 |    14 ||    16

Vault maps used:
D:1:      dpeg_arrival_solitude
D:2:      nicolae_overflow_crystal_walls, bloody_trog, first_bread
D:3:      gammafunk_temple_overflow_pools
D:4:      overflow_temple_1_default, minmay_temple_entry_junction2
D:5:      nicolae_dithmenos_shadow_blocks
Temple:   dpeg_five_rooms_temple_12
